 Dungeon Crawl Stone Soup version 0.29-a0-914-g906f1d757c (webtiles) character file.

Game seed: 6355194069074633256

14590 kae the Martial Artist (level 11, -1/93 HPs)
             Began as a Demonspawn Monk on July 26, 2022.
             Was an Elder of Wu Jian.
             Slain by an eight-headed hydra (9 damage)
             ... on level 1 of the Lair of Beasts.
             The game lasted 00:19:12 (15973 turns).

kae the Martial Artist (Demonspawn Monk)           Turns: 15973, Time: 00:19:13

Health: -1/93      AC: 13    Str: 11    XL:     11   Next: 90%
Magic:  11/11      EV:  6    Int: 12    God:    Wu Jian [****..]
Gold:   402        SH:  6    Dex: 24    Spells: 10/10 levels left

rFire   . . .      SeeInvis +     - Unarmed
rCold   . . .      Faith    .   (no shield)
rNeg    . . .      Spirit   .   C - +1 chain mail "Woceis" {Rampage rElec}
rPois   +          Reflect  .   c - +2 helmet
rElec   +          Harm     .   (no cloak)
rCorr   .          Rampage  +   (gloves unavailable)
Will    .....                   (no boots)
Stlth   ..........              (no amulet)
HPRegen 0.25/turn               m - ring of Mauty {Dex+4 Slay+3 SInv Stlth+}
MPRegen 0.12/turn               P - ring of poison resistance

@: invisible
A: claws 3, large bone plates 2, ignite blood 1, powered by death 1
a: Renounce Religion, Wall Jump, Serpent's Lash


You were on level 1 of the Lair of Beasts.
You worshipped Wu Jian.
Wu Jian was greatly pleased with you.
You visited 2 branches of the dungeon, and saw 12 of its levels.
You visited 1 bazaar.

You collected 828 gold pieces.
You spent 426 gold pieces at shops.


Innate Abilities, Weirdness & Mutations

You have claws for hands.
You are mostly covered in large bone plates. (SH +6)
Your demonic aura sometimes causes spilled blood to erupt in flames.
You regenerate a little health from kills.


   Skills:
 + Level 11.0 Fighting
 + Level 2.5 Armour
 + Level 3.9 Dodging
 - Level 1.7 Stealth
 + Level 14.6 Unarmed Combat


You had 10 spell levels left.
You didn't know any spells.
Your spell library contained the following spells:

 Spells                   Type           Power      Damage    Failure   Level
 Apportation              Tloc           0%         N/A       100%        1
 Foxfire                  Conj/Fire      0%         2x1d4     100%        1
 Necrotise                Necr           0%         1d4       100%        1
 Sandblast                Erth           0%         2d4       100%        1
 Summon Small Mammal      Summ           0%         N/A       100%        1
 Passwall                 Tmut/Erth      0%         N/A       100%        2
 Searing Ray              Conj           0%         2d4       100%        2
 Confusing Touch          Hex            0%         N/A       100%        3
 Stone Arrow              Conj/Erth      0%         3d7       100%        3
 Olgreb's Toxic Radiance  Pois           0%         N/A       100%        4
 Iskenderun's Battlesphe  Conj           0%         2d6       100%        5
 Yara's Violent Unravell  Hex/Tmut       0%         3d3       100%        5
 Iron Shot                Conj/Erth      0%         9d1       100%        6
 Enfeeble                 Hex            0%         N/A       100%        7
 Ozocubu's Refrigeration  Ice            0%         4d5       100%        7
 Spellforged Servitor     Conj/Summ      0%         N/A       100%        7
 Ignition                 Fire           0%         3d3       100%        8
 Lehudib's Crystal Spear  Conj/Erth      0%         10d2      100%        8

Inventory:

Hand Weapons
 K - the +10 short sword of Growth {speed, Int+5}
   (You found it on level 5 of the Dungeon)

   Attacks with this weapon are significantly faster.
   Int:       It affects your intelligence (+5).
 Q - the +6 long sword "Isaehucu" {vorpal, rC+ Str+3}
   (You found it on level 1 of the Lair of Beasts)

   It inflicts extra damage upon your enemies.
   Str:       It affects your strength (+3).
   rC:        It protects you from cold.
Missiles
 a - 110 stones
 f - 3 silver javelins (quivered)
 h - a throwing net {=f!f}
 n - 23 poisoned darts
 x - 6 boomerangs
 R - a silver boomerang
 V - 5 curare-tipped darts {=f}
Armour
 c - a +2 helmet (worn)
   (You found it on level 4 of the Dungeon)
 C - the +1 chain mail "Woceis" (worn) {Rampage rElec}
   (You found it on level 4 of the Dungeon)

   rElec:     It insulates you from electricity.
   Rampage:   It bestows one free step when moving towards enemies.
 U - a +0 troll leather armour
   (You found it on level 9 of the Dungeon)
 Y - a +2 chain mail of willpower
   (You found it on level 11 of the Dungeon)
Magical Staves
 b - a staff of poison {!a}
   (You found it on level 6 of the Dungeon)
 e - a staff of poison {!a}
   (You found it on level 1 of the Dungeon)
 y - a staff of death {!a}
   (You found it on level 3 of the Dungeon)
 O - a staff of cold {!a}
   (You found it on level 11 of the Dungeon)
Jewellery
 m - the ring of Mauty (left claw) {Dex+4 Slay+3 SInv Stlth+}
   (You acquired it on level 10 of the Dungeon)

   [ring of see invisible]

   Dex:       It affects your dexterity (+4).
   Slay:      It affects your accuracy & damage with ranged weapons and melee
   (+3).
   SInv:      It lets you see invisible.
   Stlth:     It makes you more stealthy.
 E - a +4 ring of evasion
   (You found it on level 5 of the Dungeon)
 F - a ring of protection from fire
   (You found it on level 9 of the Dungeon)
 G - an amulet of guardian spirit
   (You found it on level 8 of the Dungeon)
 L - a ring of willpower
   (You found it on level 8 of the Dungeon)
 P - a ring of poison resistance (right claw)
   (You found it on level 5 of the Dungeon)
 W - a ring of magical power
   (You took it off an orc on level 8 of the Dungeon)
Wands
 z - a wand of flame (11)
   (You took it off Blork the orc on level 6 of the Dungeon)
 J - a wand of polymorph (3)
   (You took it off Ijyb on level 5 of the Dungeon)
 N - a wand of charming (3)
   (You found it on level 6 of the Dungeon)
Scrolls
 d - a scroll of immolation {!r!r}
 i - a scroll of summoning
 k - a scroll of amnesia
 q - 4 scrolls of vulnerability {!r!r}
 v - 3 scrolls of blinking {!r}
 w - 5 scrolls of teleportation {@r4}
 D - 4 scrolls of enchant armour
 I - 6 scrolls of identify {@r1}
 Z - 3 scrolls of poison
Potions
 g - 3 potions of attraction {!q}
 j - 7 potions of heal wounds {@q2}
 l - 3 potions of flight
 o - 3 potions of might
 p - a potion of magic
 r - 3 potions of haste {@q3}
 s - 2 potions of mutation {!q}
 t - 3 potions of brilliance
 u - 7 potions of curing {@q1}
 A - 2 potions of resistance
 B - a potion of invisibility
 M - a potion of lignification {unknown}
 X - a potion of cancellation

Dungeon Overview and Level Annotations

Branches:
Dungeon (11/15) Zot: 25528  Temple (0/1) D:7            Lair (1/5) D:8 Zot: 5225
    Orc: D:9-12

Altars:
Ru
Uskayaw
Wu Jian
Xom

Shops:
D:3 (   D:5 *   D:7 =*(![ D:10

*
....#####..............#
#.........[.....###.####
#...............####.#.##
#..†............P##..[..#
#................###....#
....##P######.....##
#...)# ..... ### #......#
#....# .... ##D....#
##....# ... #@....#
#.....# ...
#.....####....#
#......###....#
#.....###P....# #.....#
##....# #.....P###....#
#.....###.....# #.....#
##....# #.....# #.....#


You could see an eight-headed hydra (unable to see you).


Message History

You now have 402 gold pieces (gained 13).
You see here a +0 robe.
A black mamba comes into view. 😎 HP[+80]
Your hp is fully restored (93).
A black mamba is nearby!
A black mamba is nearby!
A black mamba is nearby!
A seven-headed hydra comes into view.
The seven-headed hydra roars!
You block the black mamba's attack.
You miss the black mamba. You claw the black mamba. The black mamba bites you.
The black mamba bites you! 😕 HP[-11]
You take 11 damage, and now have 82/93 hp.
You scratch the black mamba. The black mamba bites you.
You are poisoned.
The black mamba poisons you!
You barely miss the black mamba.
You feel very sick.
You block the black mamba's attack. 😕 HP[-8]
You take 8 damage, and now have 74/93 hp.
You claw the black mamba!
You feel very sick.
The black mamba is engulfed in blazing flames.
The black mamba barely misses you.
The black mamba is engulfed in blazing flames.
The black mamba bites you but does no damage. 😕 HP[-3]
You take 3 damage, and now have 71/93 hp.
Unknown command.
You scratch the black mamba.
You feel very sick.
The black mamba is engulfed in blazing flames.
You kill the black mamba!
The Council accepts your kill. 😮 HP[-3]
You take 3 damage, and now have 68/93 hp.
You feel very sick. 😮 HP[-1]
You take 1 damage, and now have 67/93 hp.
You feel very sick. 😮 HP[-3]
You take 3 damage, and now have 64/93 hp.
You feel very sick. 😮 HP[-3]
You take 3 damage, and now have 61/93 hp.
You feel sick. 😮 HP[-1]
You take 1 damage, and now have 60/93 hp.
Okay, then.
Okay, then.
You fade into invisibility!
You feel sick. 😮 HP[-1]
You take 1 damage, and now have 59/93 hp.
You rampage towards the seven-headed hydra!
You rip one of the seven-headed hydra's heads off!
The six-headed hydra grows two more!
You claw the eight-headed hydra!
You feel sick. The eight-headed hydra bites you! x2
* * * LOW HITPOINT WARNING * * *
The eight-headed hydra barely misses you.
The eight-headed hydra bites you!
* * * LOW HITPOINT WARNING * * *
The eight-headed hydra bites you but does no damage.
The eight-headed hydra bites you.
* * * LOW HITPOINT WARNING * * *
The eight-headed hydra bites you.
* * * LOW HITPOINT WARNING * * *
You block the eight-headed hydra's attack. 😱 HP[-36]
You take 36 damage, and now have 23/93 hp.
MASSIVE DAMAGE!! (PAUSE) Unknown command.
You feel sick. 😱 HP[-1]
You take 1 damage, and now have 22/93 hp.
You feel sick.
The eight-headed hydra is engulfed in blazing flames. 😱 HP[-1]
You take 1 damage, and now have 21/93 hp.
You feel sick.
You feel sick.
You are no longer poisoned. 😱 HP[-1]
You take 1 damage, and now have 20/93 hp. 😱 HP[+1]
As you read the scroll of fear, it crumbles to dust.
You assume a fearsome visage.
The eight-headed hydra resists with some effort.
The eight-headed hydra closely misses you.
The eight-headed hydra bites you!
* * * LOW HITPOINT WARNING * * *
The eight-headed hydra bites you but does no damage.
The eight-headed hydra barely misses you.
You block the eight-headed hydra's attack.
The eight-headed hydra bites you but does no damage.
The eight-headed hydra bites you!
You die...

Skill      XL: |  1  2  3  4  5  6  7  8  9 10 11 |
---------------+----------------------------------+-----
Unarmed Combat | 3 4 5 6 8 9 11 12 13 14 | 14.6
Fighting       | 6 9 11 | 11.0
Dodging        | 3 |  3.9
Armour         | 2 |  2.5
Stealth        | |  1.7

Action                   |  1- 3 |  4- 6 |  7- 9 | 10-12 || total
-------------------------+-------+-------+-------+-------++-------
Melee: Unarmed           |   129 |   235 |   335 |   327 ||  1026
       Punch             |     1 |     8 |    18 |    32 ||    59
Invok: Whirlwind         |       |       |     3 |     6 ||     9
       Serpent's Lash    |       |       |       |     2 ||     2
       Lunge             |       |       |       |     1 ||     1
Evoke: Wand              |       |       |    10 |       ||    10
  Use: Scroll            |       |     4 |    11 |     8 ||    23
       Potion            |       |     2 |     2 |     3 ||     7
 Stab: Sleeping          |     1 |     3 |       |       ||     4
Armor: Ring mail         |    44 |    69 |       |       ||   113
       Chain mail        |       |     2 |   157 |   122 ||   281
Dodge: Dodged            |    87 |   136 |   116 |    94 ||   433
Block: Other             |       |       |    62 |    76 ||   138

Levels and vault maps discovered:
D:1:      saegor_arrival_miasma, layout_basic, nicolae_hexahallways
D:2:      layout_loops_cross, shapermc_ecumenical_altar_totnotflames,
          st_stairs_5, kennysheep_generic_room_10
D:3:      layout_basic, hangedman_ru_absence, serial_shops,
          nicolae_shop_waterfront, chequers_big_river, uniq_robin
D:4:      kennysheep_spiral_hall, layout_basic, nzn_wu_jian_council_hall,
          glass_columns_b, lemuel_old_faithful, uniq_pikel, uniq_eustachio
D:5:      layout_cave_pools, mainiacjoe_overflow_small_starburst,
          nicolae_elyvilon_peaceful_grove, nicolae_shop_clearance, uniq_ijyb
D:6:      layout_loops_ring, kennysheep_path_1,
          hangedman_abyss_or_decor_jellyfish_corner, uniq_blork_the_orc
D:7:      layout_loops_ring, nicolae_uskayaw_dance_studio,
          minmay_temple_entry_sparse_star, serial_glass, glass_columns_a,
          glass_columns_a, serial_shops, shop, shop, nicolae_shop_hallway_plus,
          shop, shop
D:8:      layout_basic, erik_lair_island, serial_bayou_crossing
D:9:      layout_loops_ring
D:10:     layout_basic, serial_shops, nicolae_stop_n_shop_2, uniq_nergalle
D:11:     layout_irregular_city, serial_shops, bzr_entry_gold
Lair:1:   layout_cellular_growth, uniq_sonja

Notes
Turn   | Place    | Note
-------+----------+-------------------------------------------
     0 | D:1      | kae the Demonspawn Monk began the quest for the Orb.
     0 | D:1      | Reached XP level 1. HP: 18/18 MP: 1/1
     0 | D:1      | magus.rc [v1.11.3]
   301 | D:1      | Reached skill level 3 in Unarmed Combat
   314 | D:1      | Gained mutation: You have sharp fingernails. [demonic
                  | ancestry]
   314 | D:1      | Reached XP level 2. HP: 21/24 MP: 2/2
  1020 | D:2      | Reached XP level 3. HP: 24/29 MP: 3/3
  1090 | D:2      | Reached skill level 4 in Unarmed Combat
  1341 | D:2      | Found a faded altar of an unknown god.
  1762 | D:2      | Gained mutation: You have very sharp fingernails. [demonic
                  | ancestry]
  1762 | D:2      | Reached XP level 4. HP: 33/35 MP: 4/4
  2027 | D:3      | Noticed Robin
  2247 | D:3      | Killed Robin
  2290 | D:3      | Reached skill level 5 in Unarmed Combat
  2345 | D:3      | Found a sacrificial altar of Ru.
  2454 | D:3      | Found Luelets's Weapon Emporium.
  3286 | D:4      | Reached XP level 5. HP: 40/41 MP: 5/5
  3289 | D:4      | Noticed a lemure
  3289 | D:4      | Noticed a lemure
  3290 | D:4      | Noticed a phantom
  3290 | D:4      | Noticed Pikel
  3290 | D:4      | Noticed a lemure
  3291 | D:4      | Noticed a lemure
  3318 | D:3      | Killed a lemure
  3433 | D:3      | Killed a phantom
  3605 | D:2      | Killed a lemure
  3797 | D:3      | Killed a lemure
  4017 | D:3      | Killed a lemure
  4234 | D:4      | Noticed Eustachio
  4460 | D:4      | Killed Eustachio
  4461 | D:4      | Reached skill level 6 in Unarmed Combat
  4461 | D:4      | Gained mutation: Your demonic aura sometimes causes spilled
                  | blood to erupt in flames. [demonic ancestry]
  4461 | D:4      | Reached XP level 6. HP: 29/47 MP: 6/6
  5092 | D:4      | Reached skill level 7 in Unarmed Combat
  5254 | D:4      | Identified the +1 chain mail "Woceis" {Rampage rElec}
  5574 | D:4      | Killed Pikel
  5575 | D:4      | Reached skill level 8 in Unarmed Combat
  5575 | D:4      | Gained mutation: You are partially covered in large bone
                  | plates. (SH +4) [demonic ancestry]
  5575 | D:4      | Reached XP level 7. HP: 43/52 MP: 7/7
  5632 | D:4      | Found an ornate altar of the Wu Jian Council.
  5655 | D:4      | You pick up a book of Misfortune and begin reading...
  5655 | D:4      | You add the spells Confusing Touch, Yara's Violent
                  | Unravelling and Enfeeble to your library.
  5724 | D:4      | Became a worshipper of the Wu Jian Council
  5724 | D:4      | Reached * piety under Wu Jian
  5724 | D:4      | Reached ** piety under Wu Jian
  5751 | D:5      | Entered Level 5 of the Dungeon
  6097 | D:5      | Reached skill level 9 in Unarmed Combat
  6097 | D:5      | Reached XP level 8. HP: 52/58 MP: 8/8
  6467 | D:5      | Found a shimmering altar of Xom.
  6692 | D:5      | Identified the +10 short sword of Growth {speed, Int+5}
  6780 | D:5      | Found Yckylo's CLEARANCE SALE!.
  6795 | D:5      | Noticed Ijyb
  6810 | D:5      | Killed Ijyb
  7153 | D:6      | Reached skill level 10 in Unarmed Combat
  7191 | D:6      | You pick up a book of Cantrips and begin reading...
  7191 | D:6      | You add the spells Necrotise, Summon Small Mammal and
                  | Apportation to your library.
  7590 | D:6      | Noticed Blork the orc
  7594 | D:6      | Killed Blork the orc
  7765 | D:6      | Reached skill level 11 in Unarmed Combat
  8110 | D:6      | Gained mutation: You regenerate a little health from kills.
                  | [demonic ancestry]
  8110 | D:6      | Reached XP level 9. HP: 48/63 MP: 9/9
  8530 | D:7      | Found Ilaj's Jewellery Boutique.
  8550 | D:7      | Found Zaqobuoq's General Store.
  8584 | D:7      | Found Keakhly's Antique Weapon Emporium.
  8640 | D:7      | Reached *** piety under Wu Jian
  8706 | D:7      | Reached skill level 4 in Fighting
  8853 | D:7      | Found a staircase to the Ecumenical Temple.
  8913 | D:7      | Found Vaenustuheu's Armour Boutique.
  9124 | D:7      | Found a hide-covered altar of Uskayaw.
  9281 | D:7      | Reached skill level 5 in Fighting
  9332 | D:7      | You add the spells Foxfire, Searing Ray and Lehudib's
                  | Crystal Spear to your library.
  9332 | D:7      | Got the Secrets of Combat Magic
  9404 | D:7      | Found Ankad's Distillery.
  9408 | D:7      | Bought a potion of attraction for 36 gold pieces
  9408 | D:7      | Bought a potion of mutation for 96 gold pieces
  9408 | D:7      | Bought a potion of cancellation for 96 gold pieces
  9443 | D:8      | Noticed a troll
  9452 | D:7      | Killed a troll
  9453 | D:7      | Reached skill level 12 in Unarmed Combat
  9515 | D:8      | Reached skill level 6 in Fighting
  9648 | D:8      | Found a staircase to the Lair.
  9727 | D:8      | Noticed a manticore
  9741 | D:8      | Killed a manticore
  9741 | D:8      | Paralysed by a hornet for 2 turns
  9742 | D:8      | Gained mutation: You are mostly covered in large bone
                  | plates. (SH +6) [demonic ancestry]
  9742 | D:8      | Reached XP level 10. HP: 22/77 MP: 10/10
  9749 | D:8      | HP: 17/77 [barbs]
 10106 | D:8      | You add the spells Olgreb's Toxic Radiance, Ozocubu's
                  | Refrigeration and Ignition to your library.
 10244 | D:8      | Reached skill level 7 in Fighting
 10703 | D:8      | You fall into a shaft and drop 2 floors!
 10703 | D:10     | Entered Level 10 of the Dungeon
 10862 | D:8      | You pick up a book of Power and begin reading...
 10862 | D:8      | You add the spells Iskenderun's Battlesphere, Iron Shot and
                  | Spellforged Servitor to your library.
 11000 | D:9      | Reached skill level 13 in Unarmed Combat
 11025 | D:9      | Reached skill level 8 in Fighting
 11026 | D:9      | Reached **** piety under Wu Jian
 11426 | D:9      | Noticed a two-headed ogre
 11433 | D:9      | Killed a two-headed ogre
 11434 | D:9      | Reached skill level 9 in Fighting
 12070 | D:9      | Gained mutation: You have claws for hands. [demonic
                  | ancestry]
 12070 | D:9      | Reached XP level 11. HP: 51/89 MP: 11/11
 12465 | D:10     | Found Paojauj's Assorted Antiques.
 12492 | D:10     | Bought a scroll labelled METUQESAUN for 24 gold pieces
 12492 | D:10     | Bought a scroll of identify for 48 gold pieces
 12492 | D:10     | Identified a scroll of acquirement
 12548 | D:10     | Noticed a two-headed ogre
 12553 | D:10     | Killed a two-headed ogre
 12557 | D:10     | Noticed Nergalle
 12564 | D:10     | Killed Nergalle
 12576 | D:10     | HP: 17/90 [orc/+0 morningstar (7)]
 12577 | D:10     | HP: 7/90 [something (4)]
 12585 | D:10     | HP: 21/90 [something (2)]
 12587 | D:10     | HP: 9/90 [something/puff of flame (11)]
 13235 | D:10     | Noticed a two-headed ogre
 13239 | D:10     | Killed a two-headed ogre
 13240 | D:10     | Reached skill level 14 in Unarmed Combat
 13621 | D:10     | Acquired the ring of Mauty {Dex+4 Slay+3 SInv Stlth+}
 13651 | D:11     | HP: 22/90 [centaur (1)]
 13652 | D:11     | Reached skill level 10 in Fighting
 13652 | D:11     | HP: 7/90 [centaur (5)]
 14139 | D:11     | Noticed a two-headed ogre
 14145 | D:11     | Killed a two-headed ogre
 14296 | D:11     | Found a flickering gateway to a bazaar.
 14320 | Bazaar   | Entered a bazaar
 14320 | Bazaar   | Found Waipaos's Antique Weapon Shoppe.
 14320 | Bazaar   | Found Niedghuuc's Jewellery Emporium.
 14322 | Bazaar   | Found Nujeir's General Store.
 14332 | Bazaar   | Bought a potion of mutation for 72 gold pieces
 14338 | Bazaar   | Found Decewkam's Antique Weapon Emporium.
 14361 | Bazaar   | Bought a scroll of identify for 18 gold pieces
 14361 | Bazaar   | Bought a scroll of identify for 18 gold pieces
 14361 | Bazaar   | Bought a scroll of identify for 18 gold pieces
 14604 | D:11     | You pick up a book of Geomancy and begin reading...
 14604 | D:11     | You add the spells Sandblast, Passwall and Stone Arrow to
                  | your library.
 14847 | D:11     | Reached skill level 3 in Dodging
 15063 | D:11     | Reached skill level 1 in Armour
 15193 | Lair:1   | Entered Level 1 of the Lair of Beasts
 15221 | Lair:1   | Reached skill level 2 in Armour
 15575 | Lair:1   | Identified the +6 long sword "Isaehucu" {vorpal, rC+ Str+3}
 15583 | Lair:1   | Noticed Sonja
 15598 | Lair:1   | HP: 22/92 [Sonja/+2 dagger of distortion (15)]
 15599 | Lair:1   | Killed Sonja
 15599 | Lair:1   | Reached skill level 11 in Fighting
 15954 | Lair:1   | Noticed a seven-headed hydra
 15965 | Lair:1   | HP: 23/93 [eight-headed hydra (2)]
 15973 | Lair:1   | HP: 8/93 [eight-headed hydra (13)]
 15973 | Lair:1   | Slain by an eight-headed hydra

Vanquished Creatures
  4 two-headed ogres
  Sonja (Lair:1)
  Nergalle (D:10)
  Pikel (D:4)
  A manticore (D:8)
  2 black mambas (Lair:1)
  A gargoyle (D:11)
  2 cane toads (Lair:1)
  An unseen horror (D:11)
  3 komodo dragons
  3 trolls
  2 hornets (D:8)
  A wraith (D:11)
  9 yaks (D:9)
  A wyvern (D:9)
  2 steam dragons (D:9)
  2 acid dragons
  2 water moccasins
  3 orc warriors
  3 sky beasts
  5 centaurs
  An ogre (D:5)
  2 wolves (D:7)
  4 lemures
  A phantom (D:3)
  Blork the orc (D:6)
  3 kobold brigands
  2 bullfrogs
  3 gnoll sergeants
  2 necrophages (D:6)
  A scorpion (D:6)
  3 wights (D:7)
  10 killer bees
  3 electric eels (D:8)
  5 howler monkeys
  3 jellies
  8 hounds
  4 orc priests
  A gnoll bouda (D:7)
  5 iguanas
  12 orc wizards
  Ijyb (D:5)
  Robin (D:3)
  21 gnolls
  9 adders
  A shadow imp (D:7)
  2 white imps
  2 worms
  4 dart slugs
  29 orcs
  8 ball pythons
  4 endoplasms
  4 giant cockroaches
  17 goblins
  10 hobgoblins
  13 jackals
  21 kobolds
  7 quokkas
  3 bats (D:1)
  6 rats
287 creatures vanquished.

Vanquished Creatures (collateral kills)
  Eustachio (D:4)
1 creature vanquished.

Vanquished Creatures (others)
  A fungus (Lair:1)
  8 plants
9 creatures vanquished.

Grand Total: 297 creatures vanquished

Table legend:
 A = Non-vault XP
 B = Vault XP
 C = Vault XP percentage of total XP
 D = Non-vault monster count
 E = Vault monster count
 F = Vault count percentage of total count
                 A         B        C        D         E       F
            +---------+---------+-------+---------+---------+-------
      Total |   17350 |    3493 |  16.8 |     247 |      37 |  13.0
            +---------+---------+-------+---------+---------+-------
        D:1 |      33 |       0 |   0.0 |      19 |       0 |   0.0
        D:2 |      58 |      48 |  45.3 |      19 |      13 |  40.6
        D:3 |     140 |      17 |  10.8 |      20 |       2 |   9.1
        D:4 |     142 |     896 |  86.3 |      18 |       6 |  25.0
        D:5 |     518 |      32 |   5.8 |      23 |       1 |   4.2
        D:6 |     995 |     100 |   9.1 |      25 |       1 |   3.8
        D:7 |    1188 |     717 |  37.6 |      29 |       9 |  23.7
        D:8 |    1757 |     125 |   6.6 |      17 |       3 |  15.0
        D:9 |    4336 |       0 |   0.0 |      30 |       0 |   0.0
       D:10 |    2340 |     773 |  24.8 |      20 |       1 |   4.8
       D:11 |    3612 |       0 |   0.0 |      21 |       0 |   0.0
     Lair:1 |    2231 |     785 |  26.0 |       6 |       1 |  14.3
            +---------+---------+-------+---------+---------+-------

Illustrated notes

Table legend:
 A = Kills in this place as a percentage of kills in entire the game.
 B = Kills by you in this place as a percentage of kills by you in the entire game.
 C = Kills by friends in this place as a percentage of kills by friends in the entire game.
 D = Other kills in this place as a percentage of other kills in the entire game.
 E = Experience gained in this place as a percentage of experience gained in the entire game.
 F = Experience gained in this place divided by the number of levels of this place that you have seen.
                   A       B       C       D       E      F
               +-------+-------+-------+-------+-------+----------------------
         Total | 100.0 | 100.0 | 100.0 |   N/A | 100.0 | 1603.3
       Dungeon |  97.5 |  97.5 | 100.0 |   N/A |  85.5 | 1620.6
          Lair |   2.5 |   2.5 |   0.0 |   N/A |  14.5 | 3016.0
               +-------+-------+-------+-------+-------+----------------------

Table legend: (Time is in decaauts)
 A = Elapsed time spent in this place.
 B = Non-inter-level travel time spent in this place.
 C = Inter-level travel time spent in this place.
 D = Time resting spent in this place.
 E = Time spent auto-exploring this place.
 F = Levels seen in this place.
 G = Mean time per level.
                   A        B        C        D        E       F      G
               +--------+--------+--------+--------+--------+-----+--------+
         Total |  15838 |  15390 |    448 |   1765 |  11553 |  13 | 1218.3 |
       Dungeon |  15001 |  14568 |    433 |   1761 |  10830 |  11 | 1363.7 |
          Lair |    773 |    758 |     15 |      4 |    695 |   1 |  773.0 |
        Bazaar |     63 |     63 |      0 |      0 |     28 |   1 |   63.0 |
               +--------+--------+--------+--------+--------+-----+--------+

Top non-repeatable levels by time:
     D:4: 1846 daAuts
     D:3: 1785 daAuts
     D:9: 1543 daAuts
     D:2: 1541 daAuts
    D:10: 1419 daAuts
     D:8: 1395 daAuts
     D:6: 1338 daAuts
    D:11: 1209 daAuts
     D:7: 1031 daAuts
     D:1: 1004 daAuts
     D:5: 886 daAuts
  Lair:1: 773 daAuts
  Bazaar: 63 daAuts
